 Dungeon Crawl Stone Soup version 0.31-a0-675-g238779eb0a (webtiles) character file.

Game seed: 5192899532530338998

2322 qw the Skirmisher (level 9, -8/57 HPs)
             Began as a Gargoyle Hunter on Sept 5, 2023.
             Was a Follower of Okawaru.
             Killed from afar by Maggie (24 damage)
             ... with a bolt of fire
             ... on level 7 of the Dungeon.
             The game lasted 00:02:21 (4911 turns).

qw the Skirmisher (Gargoyle Hunter)                 Turns: 4911, Time: 00:02:21

Health: -8/57      AC: 15    Str: 14    XL:     9   Next: 42%
Magic:  10/12      EV: 14    Int: 11    God:    Okawaru [*.....]
Gold:   397        SH:  0    Dex: 17    Spells: 8/8 levels left

rFire   . . .        j - +2 shortbow (heavy)
rCold   . . .        (shield currently unavailable)
rNeg    + . .        b - +0 ring mail
rPois   inf          l - +0 helmet
rElec   +            i - +0 cloak
rCorr   .            (no gloves)
SInv    .            (no boots)
Will    .....        (no amulet)
Stlth   +++          (no ring)
HPRegen 0.29/turn    (no ring)
MPRegen 0.13/turn

%: no passive effects
@: heroic, mesmerised
A: sickness immunity, AC +6, negative energy resistance 1, electricity
resistance, torment resistance 1, petrification resistance
a: Renounce Religion, Heroism


You were on level 7 of the Dungeon.
You worshipped Okawaru.
Okawaru was aware of your devotion.
You visited 2 branches of the dungeon, and saw 8 of its levels.
You also visited: Sewer.

You collected 546 gold pieces.
You spent 149 gold pieces at shops.


Innate Abilities, Weirdness & Mutations

You are immune to sickness and miasma.
Your stone body is resilient. (AC +6)
You are immune to poison.
You resist negative energy. (rN+)
You are resistant to electric shocks. (rElec)
You are resistant to unholy torment.
You are immune to petrification.


   Skills:
 - Level 7.0(12.0) Fighting
 + Level 10.2(15.2) Ranged Weapons
 - Level 3.0(8.0) Armour
 - Level 2.0(7.0) Dodging
 - Level 1.1(6.1) Stealth
 - Level 4.0 Invocations


You had 8 spell levels left.
You didn't know any spells.
Your spell library was empty.

Inventory:

Hand Weapons
 j - a +2 heavy shortbow (weapon)
Armour
 b - a +0 ring mail (worn)
 i - a +0 cloak (worn)
 l - a +0 helmet (worn)
Scrolls
 a - 3 scrolls of teleportation
 e - a scroll of brand weapon
 m - 3 scrolls of identify
Potions
 c - a potion of resistance
 d - a potion of magic
 g - 2 potions of heal wounds
 h - a potion of mutation

Dungeon Overview and Level Annotations

Branches:
Dungeon (7/15)             Temple (1/1) D:5           Sewer (visited)

Altars:
Ashenzari
Cheibriados
Dithmenos
Elyvilon
Fedhas
Gozag
Hepliaklqana
Kikubaaqudgha
Makhleb
Nemelex Xobeh
Okawaru
Qazlal
Ru
Sif Muna
Trog
Uskayaw
Vehumet
Wu Jian
Xom
Yredelemnul
Zin
The Shining One

Shops:
D:3 ?

Annotations:
D:2 1 runed translucent door
D:7 Maggie


Message History

Maggie the Vainglorious comes into view.
She is wielding a +1 glaive of flaming and carrying a wand of mindburst.
You shoot an arrow. The arrow closely misses Maggie.
Maggie shouts!
Maggie zaps a wand.
You struggle to resist.
You shoot an arrow. The arrow hits Maggie.
Maggie is lightly wounded.
Maggie casts a spell.
Maggie attempts to bespell you!
You are mesmerised by Maggie!
You shoot an arrow. The arrow closely misses Maggie.
Maggie zaps a wand.
Your mind is blasted!
You shoot an arrow. The arrow hits Maggie!
Maggie is moderately wounded.
You shoot an arrow. The arrow hits Maggie.
Maggie is moderately wounded.
Maggie gestures wildly while chanting.
Maggie draws you further into her thrall.
You shoot an arrow. The arrow barely misses Maggie.
Maggie casts a spell.
Maggie draws you further into her thrall.
You shoot an arrow. The arrow hits Maggie!
Maggie is heavily wounded.
Maggie zaps a wand.
Your mind is blasted!
4908 ||| INVOKING Heroism.
You gain the combat prowess of a mighty hero.
Maggie mumbles the words to a spell, but in the wrong order.
You shoot an arrow. The arrow barely misses Maggie.
Maggie gestures wildly while chanting.
Maggie draws you further into her thrall.
You shoot an arrow. The arrow hits Maggie.
Maggie is severely wounded.
Maggie hits you from afar with a +1 glaive of flaming!
Maggie burns you.
You shoot an arrow. The arrow hits Maggie.
Maggie is severely wounded.
Maggie casts a spell.
Maggie draws you further into her thrall.
Maggie points at you and mumbles some strange words.
The bolt of fire hits you!!
You die...

...... .. #. .....
...... .%.#. .... ......
...#'####..# +#####
.....?..#..### ###
........#....# #..
.....@..#....# #..
......>.#....# #..
.......@.....##########'
..........##'#..........
+########.........(.....
#...............
#...............
#...............
#.....#######... #.....#
#... #.....# #...


You could see Maggie (mesmerising).

Vanquished Creatures
  Menkaure (D:5)
  A black bear (D:5)
  An ogre (D:6)
  A phantom (D:7)
  6 kobold brigands (Sewer)
  4 scorpions
  2 bullfrogs
  A gnoll sergeant (D:7)
  8 wights (D:7)
  2 howler monkeys (D:7)
  2 hounds (D:5)
  A jelly (D:6)
  2 orc priests
  2 orc wizards
  A sleepcap (D:4)
  2 iguanas (D:4)
  5 gnolls (D:7)
  10 adders
  3 river rats
  A shadow imp (D:6)
  2 white imps
  5 worms
  2 dart slugs (D:1)
  20 orcs
  3 endoplasms
  6 giant cockroaches
  3 goblins
  9 hobgoblins
  9 jackals
  2 quokkas
  12 ball pythons
  8 bats
  3 frilled lizards (D:3)
  23 kobolds
  14 rats
177 creatures vanquished.

Vanquished Creatures (others)
  An orc wizard (D:4)
1 creature vanquished.

Grand Total: 178 creatures vanquished

Notes
Turn   | Place    | Note
-------+----------+-------------------------------------------
     0 | D:1      | qw the Gargoyle Hunter began the quest for the Orb.
     0 | D:1      | Reached XP level 1. HP: 12/12 MP: 1/1
     0 | D:1      | 0 ||| qw: Version: 0.3-a-75-g829b12e
     0 | D:1      | 0 ||| qw: Game counter: 92
     0 | D:1      | 0 ||| qw: Melee chars always use a shield: true
     0 | D:1      | 0 ||| qw: God list: Okawaru
     0 | D:1      | 0 ||| qw: Allow faded altars: false
     0 | D:1      | 0 ||| qw: Do Orc after clearing Dungeon:15 true
     0 | D:1      | 0 ||| qw: Do second Lair branch before Depths: true
     0 | D:1      | 0 ||| qw: Lair rune preference: random
     0 | D:1      | 0 ||| qw: Goals: Normal
     0 | D:1      | 0 ||| PLANNING D:1-11
   148 | D:1      | 148 ||| Stepping ~*~*~tactically~*~*~ (outnumbered).
   150 | D:1      | 150 ||| Stepping ~*~*~tactically~*~*~ (outnumbered).
   152 | D:1      | Reached XP level 2. HP: 17/17 MP: 2/2
   471 | D:1      | Reached XP level 3. HP: 21/21 MP: 3/3
   525 | D:1      | Reached skill level 5 in Ranged Weapons
   676 | D:1      | 676 ||| UPGRADING to +0 cloak.
   681 | D:1      | 681 ||| READING scroll labelled ZORHE ALIOTESCH.
   682 | D:1      | 682 ||| READING scroll labelled HOASOE ZUTORUIS.
   683 | D:1      | 683 ||| DRINKING 2 dark potions.
   684 | D:1      | 684 ||| DRINKING 2 orange potions.
   685 | D:1      | 685 ||| DROPPING scroll of butterflies.
   686 | D:1      | 686 ||| DROPPING potion of brilliance.
  1035 | D:2      | Reached skill level 3 in Fighting
  1062 | D:2      | Reached XP level 4. HP: 28/28 MP: 4/4
  1293 | D:2      | 1293 ||| UPGRADING to +0 helmet.
  1298 | D:2      | 1298 ||| READING scroll labelled OVULISU PUMOGH.
  1299 | D:2      | 1299 ||| READING 2 scrolls labelled HUIDEIBEUM.
  1299 | D:2      | Found a runed translucent door.
  1300 | D:2      | 1300 ||| READING scroll labelled CEYNLYSHOFF.
  1301 | D:2      | 1301 ||| DRINKING 2 fizzy inky potions.
  1405 | D:2      | 1405 ||| DROPPING potion of berserk rage.
  1406 | D:2      | 1406 ||| DROPPING scroll of revelation.
  1460 | D:3      | Reached skill level 1 in Armour
  1515 | D:3      | Reached XP level 5. HP: 32/32 MP: 5/5
  1723 | D:3      | Found a faded altar of an unknown god.
  1977 | D:3      | Found Faumn's Magic Scroll Shop.
  1980 | D:3      | 1980 ||| BUYING scroll of enchant weapon (97 gold).
  1980 | D:3      | Bought a scroll of enchant weapon for 97 gold pieces
  1980 | D:3      | 1980 ||| BUYING scroll of identify (26 gold).
  1980 | D:3      | Bought a scroll of identify for 26 gold pieces
  1980 | D:3      | 1980 ||| BUYING scroll of identify (26 gold).
  1980 | D:3      | Bought a scroll of identify for 26 gold pieces
  1980 | D:3      | 1980 ||| SHOPLISTING scroll of teleportation (39 gold, have
                  | 29).
  1980 | D:3      | 1980 ||| READING scroll of enchant weapon.
  1980 | D:3      | 1980 ||| ENCHANTING +0 heavy shortbow.
  2031 | D:3      | 2031 ||| UPGRADING to +0 ring mail.
  2041 | D:3      | 2041 ||| DROPPING +0 leather armour.
  2042 | D:3      | 2042 ||| READING scroll labelled YVVUMP YRAUSA.
  2045 | D:3      | 2045 ||| DRINKING 2 sedimented puce potions.
  2046 | D:3      | 2046 ||| READING 2 scrolls of identify.
  2046 | D:3      | 2046 ||| IDENTIFYING puce potion
  2047 | D:3      | 2047 ||| DROPPING potion of degeneration.
  2083 | D:4      | 2083 ||| PLANNING SEWER
  2115 | D:4      | 2115 ||| Stepping ~*~*~tactically~*~*~ (retreating).
  2116 | D:4      | 2116 ||| Stepping ~*~*~tactically~*~*~ (retreating).
  2119 | D:4      | 2119 ||| DRINKING potion of curing.
  2119 | D:4      | 2119 ||| (to cure confusion)
  2120 | D:4      | 2120 ||| Stepping ~*~*~tactically~*~*~ (retreating).
  2125 | D:4      | Reached skill level 6 in Ranged Weapons
  2125 | D:4      | 2125 ||| FLEEEEING.
  2126 | D:4      | 2126 ||| FLEEEEING.
  2127 | D:4      | 2127 ||| FLEEEEING.
  2128 | D:4      | 2128 ||| FLEEEEING.
  2129 | D:4      | 2129 ||| FLEEEEING.
  2130 | D:4      | 2130 ||| FLEEEEING.
  2131 | D:4      | 2131 ||| FLEEEEING.
  2132 | D:4      | 2132 ||| FLEEEEING.
  2133 | D:4      | 2133 ||| FLEEEEING.
  2134 | D:4      | 2134 ||| FLEEEEING.
  2135 | D:4      | 2135 ||| FLEEEEING.
  2136 | D:4      | 2136 ||| FLEEEEING.
  2137 | D:4      | 2137 ||| FLEEEEING.
  2143 | D:4      | 2143 ||| FLEEEEING.
  2144 | D:4      | 2144 ||| STAIRDANCE
  2157 | D:3      | 2157 ||| READING 2 scrolls of identify.
  2157 | D:3      | 2157 ||| IDENTIFYING silvery potion
  2161 | D:4      | 2161 ||| STAIRDANCE
  2175 | D:4      | 2175 ||| STAIRDANCE
  2220 | D:4      | Reached XP level 6. HP: 38/38 MP: 6/6
  2319 | D:4      | Found a glowing drain.
  2320 | D:4      | 2320 ||| DROPPING ring of wizardry.
  2321 | D:4      | 2321 ||| READING scroll labelled DACOIS AWO HIE.
  2331 | D:4      | 2331 ||| FLEEEEING.
  2370 | Sewer    | Entered a sewer
  2391 | Sewer    | 2391 ||| Stepping ~*~*~tactically~*~*~ (water).
  2476 | Sewer    | 2476 ||| Stepping ~*~*~tactically~*~*~ (water).
  2491 | Sewer    | 2491 ||| Stepping ~*~*~tactically~*~*~ (water).
  2503 | Sewer    | Reached skill level 7 in Ranged Weapons
  2503 | Sewer    | Reached XP level 7. HP: 41/43 MP: 7/7
  2665 | Sewer    | 2665 ||| Stepping ~*~*~tactically~*~*~ (water).
  2676 | Sewer    | Reached skill level 8 in Ranged Weapons
  2735 | Sewer    | 2735 ||| Stepping ~*~*~tactically~*~*~ (water).
  2758 | Sewer    | 2758 ||| Stepping ~*~*~tactically~*~*~ (water).
  2823 | Sewer    | 2823 ||| Stepping ~*~*~tactically~*~*~ (water).
  2905 | D:4      | 2905 ||| PLANNING D:1-11
  2919 | D:4      | 2919 ||| FLEEEEING.
  2920 | D:4      | 2920 ||| FLEEEEING.
  3073 | D:4      | Reached XP level 8. HP: 49/49 MP: 8/8
  3308 | D:5      | Entered Level 5 of the Dungeon
  3322 | D:5      | 3322 ||| READING scroll of enchant weapon.
  3322 | D:5      | 3322 ||| ENCHANTING +1 heavy shortbow.
  3344 | D:5      | Found a staircase to the Ecumenical Temple.
  3345 | D:5      | 3345 ||| PLANNING TEMPLE
  3384 | Temple   | Entered the Ecumenical Temple
  3385 | Temple   | 3385 ||| PLANNING OKAWARU WORSHIP
  3420 | Temple   | Became a worshipper of Warmaster Okawaru
  3421 | Temple   | 3421 ||| PLANNING D:1-11
  3482 | D:5      | Reached skill level 9 in Ranged Weapons
  3615 | D:5      | Noticed Menkaure
  3622 | D:5      | Killed Menkaure
  3833 | D:5      | Reached skill level 6 in Fighting
  3990 | D:5      | 3990 ||| READING 4 scrolls of identify.
  3990 | D:5      | 3990 ||| IDENTIFYING grey potion
  3991 | D:5      | 3991 ||| READING 3 scrolls of identify.
  3991 | D:5      | 3991 ||| IDENTIFYING coppery potion
  4369 | D:6      | Reached * piety under Okawaru
  4370 | D:6      | Reached skill level 10 in Ranged Weapons
  4558 | D:6      | 4558 ||| READING scroll labelled XERGHI QARHYEN.
  4574 | D:7      | Reached skill level 1 in Invocations
  4574 | D:7      | Reached XP level 9. HP: 55/55 MP: 9/9
  4608 | D:7      | 4608 ||| RETREATING.
  4621 | D:7      | Reached skill level 3 in Armour
  4666 | D:7      | 4666 ||| RETREATING.
  4671 | D:7      | Found a shimmering blue altar of Sif Muna.
  4673 | D:7      | 4673 ||| Stepping ~*~*~tactically~*~*~ (retreating).
  4674 | D:7      | 4674 ||| Stepping ~*~*~tactically~*~*~ (retreating).
  4680 | D:7      | Reached skill level 3 in Invocations
  4736 | D:7      | 4736 ||| INVOKING Heroism.
  4900 | D:7      | Noticed Maggie
  4908 | D:7      | 4908 ||| INVOKING Heroism.
  4911 | D:7      | Killed from afar by Maggie

Levels and vault maps discovered:
D:1:      scummos_arrival_hexagon, layout_basic
D:2:      layout_loops_cross, guppyfry_early_lair_pool, uniq_crazy_yiuf_cottage
D:3:      kennysheep_big_flooded_room, layout_rooms, serial_shops,
          nicolae_shop_rolled_up, chequers_ecumenical_altar_lobes,
          kennysheep_potato
D:4:      layout_rooms, portal_sewer_entry_a
D:5:      layout_rooms, minmay_temple_entry_purple_smoke, minivault_1,
          uniq_menkaure
D:6:      layout_basic
D:7:      layout_gridville, lemuel_round_altar, reono_crystal_passage,
          uniq_jeremiah, uniq_maggie
Temple:   minmay_crystal_snake_temple

Skill      XL: |  1  2  3  4  5  6  7  8  9 |
---------------+----------------------------+-----
Ranged Weapons | 5 6 7 8 10 | 10.2
Fighting       | 3 4 5 6 7 |  7.0
Armour         | 1 2 3 |  3.0
Dodging        | 2 |  2.0
Invocations    | 1 4 |  4.0
Stealth        | |  1.1

Action                     |  1- 3 |  4- 6 |  7- 9 || total
---------------------------+-------+-------+-------++-------
   Fire: Shortbow          |    99 |   163 |   233 ||   495
 Invoke: Heroism           |       |       |     2 ||     2
    Use: Scroll            |     2 |     8 |     4 ||    14
         Potion            |     2 |     3 |       ||     5
 Armour: Leather armour    |    11 |    31 |       ||    42
         Ring mail         |       |    41 |    89 ||   130
  Dodge: Dodged            |    17 |    67 |    58 ||   142

Table legend:
 A = Non-vault XP
 B = Vault XP
 C = Vault XP percentage of total XP
 D = Non-vault monster count
 E = Vault monster count
 F = Vault count percentage of total count
                 A         B        C        D         E       F
            +---------+---------+-------+---------+---------+-------
      Total |    2399 |     919 |  27.7 |     137 |      41 |  23.0
            +---------+---------+-------+---------+---------+-------
        D:1 |      44 |       0 |   0.0 |      26 |       0 |   0.0
        D:2 |      50 |       0 |   0.0 |      21 |       0 |   0.0
        D:3 |     138 |      19 |  12.1 |      27 |       5 |  15.6
        D:4 |     240 |      34 |  12.4 |      24 |       7 |  22.6
        D:5 |     357 |     172 |  32.5 |      10 |       1 |   9.1
        D:6 |     514 |       0 |   0.0 |       8 |       0 |   0.0
        D:7 |    1056 |       0 |   0.0 |      21 |       0 |   0.0
      Sewer |       0 |     694 | 100.0 |       0 |      28 | 100.0
            +---------+---------+-------+---------+---------+-------
